 Dungeon Crawl Stone Soup version 0.20.1-1-g8b1a95d (webtiles) character file.

112 panicbit the Covered (level 4, -4/41 HPs)
             Began as a Minotaur Fighter on July 5, 2017.
             Slain by an orc
             ... wielding a +0 trident
              (6 damage)
             ... on level 3 of the Dungeon.
             The game lasted 00:03:13 (1381 turns).

panicbit the Covered (Minotaur Fighter)             Turns: 1381, Time: 00:03:13

Health: -4/41      AC:  7    Str: 25    XL:     4   Next: 63%
Magic:  3/3        EV:  7    Int:  5    God:
Gold:   105        SH: 10    Dex: 11    Spells: 3/3 levels left

rFire    . . .     SeeInvis .   a - +0 war axe
rCold    . . .     Gourm    .   c - +0 shield
rNeg     . . .     Faith    .   b - +0 scale mail
rPois    .         Spirit   .   (helmet restricted)
rElec    .         Reflect  .   (no cloak)
rCorr    .         Harm     .   (no gloves)
MR       .....                  (no boots)
Stlth    ..........             (no amulet)
Regen    0.2/turn               (no ring)
MPRegen  0.1/turn               (no ring)

@: mighty, lethally poisoned (-4 -> -10)
A: retaliatory headbutt, horns 2
a: no special abilities


You were on level 3 of the Dungeon.
You were not hungry.

You visited 1 branch of the dungeon, and saw 3 of its levels.

You collected 105 gold pieces.

Inventory:

Hand Weapons
 a - a +0 war axe (weapon)
Armour
 b - a +0 scale mail (worn)
 c - a +0 shield (worn)
Wands
 t - a wand of random effects (33/48)
Scrolls
 e - 2 scrolls of immolation {unknown}
 g - 3 scrolls of remove curse {unknown}
 j - a scroll of noise {unknown}
 k - 2 scrolls of identify {unknown}
 l - a scroll of blinking {unknown}
 o - a scroll of teleportation {unknown}
 r - a scroll of fear {unknown}
 v - a scroll of enchant weapon {unknown}
 w - a scroll of enchant armour {unknown}
Potions
 h - a potion of heal wounds {unknown}
 m - a potion of brilliance {unknown}
 p - a potion of curing {unknown}
 s - a potion of cancellation {unknown}
 u - a potion of magic {unknown}
Comestibles
 f - 2 bread rations
 i - 5 fruits
 n - a meat ration
 q - 5 chunks of flesh


   Skills:
 + Level 4.3 Fighting
 + Level 4.1 Axes
 + Level 4.4 Armour
 + Level 0.2 Dodging
 + Level 0.5 Stealth
 + Level 4.1 Shields


You had 3 spell levels left.
You didn't know any spells.

Dungeon Overview and Level Annotations

Branches:
Dungeon (3/15)

Altars:

Annotations:
D:3 Robin


Innate Abilities, Weirdness & Mutations

You reflexively headbutt those who attack you in melee.
You have a pair of horns on your head.


Message History

* * * LOW HITPOINT WARNING * * *
You block Robin's attack.
You feel very mighty all of a sudden.
* * * LOW HITPOINT WARNING * * *
You feel sick. The goblin barely misses you. You block Robin's attack.
You block the orc's attack.
You closely miss Robin. Your headbutt misses Robin.
Robin is moderately wounded.
You hit the goblin.
You kill the goblin!
* * * LOW HITPOINT WARNING * * *
You feel sick.
The hobgoblin no longer looks unusually strong.
Robin says, "My army is invincible!"
You block Robin's attack. You block the orc's attack.
You hit Robin.
Robin is severely wounded.
You block Robin's attack.
The orc hits you from afar with a trident.
You die...

#....%....##.....รท....#
#.8..##.8............#
#.).o)#..........#
#.##r.#..........#
#o)#))#g...........# ######
#gr##.#.#........#########....#
....
...#)......###..........##.#
#...8?
#..8...#####.###########)# ..
...........rog@).###########.#
. #
.#........####.........#...#
......#.... #............##
.$.##...#$.. #............#
.#....#####.....).........# ###
###...........## ............##
#..........# #.........##


You could see Robin, an orc and a rat.

Vanquished Creatures
  4 adders
  2 worms (D:2)
  A leopard gecko (D:1)
  4 orcs (D:3)
  3 ball pythons
  2 giant cockroaches
  16 goblins
  5 hobgoblins
  4 jackals (D:1)
  A quokka (D:3)
  4 bats
  4 frilled lizards
  7 kobolds
  4 rats
61 creatures vanquished.

Notes
Turn   | Place    | Note
-------+----------+-------------------------------------------
     0 | D:1      | panicbit the Minotaur Fighter began the quest for the Orb.
     0 | D:1      | Reached XP level 1. HP: 19/19 MP: 0/0
   125 | D:1      | Reached XP level 2. HP: 24/27 MP: 1/1
   477 | D:2      | Reached XP level 3. HP: 22/33 MP: 2/2
  1213 | D:2      | Reached XP level 4. HP: 40/40 MP: 3/3
  1346 | D:3      | Noticed Robin
  1380 | D:3      | HP: 2/41 [poisoned by a goblin]
  1381 | D:3      | Slain by an orc

Skill      XL: |  1  2  3  4 |
---------------+-------------+-----
Armour         | 4 |  4.4
Axes           | 3 4 |  4.1
Fighting       | 4 |  4.3
Shields        | 4 |  4.1
Dodging        | |  0.2
Stealth        | |  0.5

Action                   |  1- 3 |  4- 6 || total
-------------------------+-------+-------++-------
Melee: War axe           |    86 |    35 ||   121
       Headbutt          |    11 |     6 ||    17
  Use: Potion            |       |     1 ||     1
  Eat: Chunk             |     1 |     1 ||     2
Armor: Scale mail        |    35 |    21 ||    56
Dodge: Dodged            |    24 |    22 ||    46
Block: Shield            |    47 |    33 ||    80
